 Dungeon Crawl Stone Soup version 0.27.0-1-g7a089689b8 (webtiles) character file.

Game seed: 14087254808550260653

13 sasquatch the Conjurer (level 2, -2/13 HPs)
             Began as a Vine Stalker Conjurer on Aug 8, 2021.
             Slain by a jackal (3 damage)
             ... on level 1 of the Dungeon.
             The game lasted 00:00:47 (309 turns).

sasquatch the Conjurer (Vine Stalker Conjurer)       Turns: 309, Time: 00:00:47

Health: -2/13      AC:  2    Str:  9    XL:     2   Next: 37%
Magic:  0/6        EV: 12    Int: 18    God:
Gold:   9          SH:  0    Dex: 12    Spells: 4/5 levels left

rFire    . . .     SeeInvis .   (no weapon)
rCold    . . .     Faith    .   (no shield)
rNeg     . . .     Spirit   +   a - +0 robe
rPois    .         Reflect  .   (no helmet)
rElec    .         Harm     .   (no cloak)
rCorr    .         Rampage  .   (no gloves)
Will     .....                  (no boots)
Stlth    ++........             (no amulet)
HPRegen  0.04/turn              (no ring)
MPRegen  0.10/turn              (no ring)

@: no status effects
A: fangs 2, magic shield, antimagic bite, no potion heal 2
a: no special abilities


You were on level 1 of the Dungeon.
You visited 1 branch of the dungeon, and saw 1 of its levels.

You collected 9 gold pieces.

Inventory:

Armour
 a - a +0 robe (worn)


   Skills:
 - Level 1.5 Dodging
 - Level 2.4 Stealth
 + Level 2.2 Spellcasting
 * Level 4.5 Conjurations


You had 4 spell levels left.
You knew the following spells:

 Your Spells              Type           Power      Damage    Failure   Level
a - Magic Dart            Conj           72%        1d6       2%          1

Your spell library contained the following spells:

 Spells                   Type           Power      Damage    Failure   Level
 Searing Ray              Conj           36%        3d4       4%          2
 Dazzling Flash           Conj/Hex       20%        N/A       21%         3
 Fulminant Prism          Conj/Hex       5%         3d7       56%         4
 Iskenderun's Mystic Bla  Conj/Tloc      10%        2d4       56%         4


Dungeon Overview and Level Annotations

Branches:
Dungeon (1/15)

Altars:


Innate Abilities, Weirdness & Mutations

You have extremely sharp teeth.
When hurt, damage is shared between your health and your magic reserves.
Your bite disrupts and absorbs the magic of your enemies.
Potions cannot restore your health.


Message History

You kill the jackal!
The jackal misses you.
Aiming: Magic Dart (safe; 2% risk of failure)
Press: ? - help, Q - select action Shift-Dir - straight line, f/p - jackal
Aim: a jackal (almost dead, 100% to hit)
The magic dart hits the jackal but does no damage.
The jackal is almost dead.
The jackal bites you.
You don't have enough magic to cast this spell.
You don't have enough magic to cast this spell.
Unknown command.
You hit the jackal but do no damage.
The jackal is almost dead.
The jackal bites you.
You hit the jackal but do no damage.
The jackal is almost dead.
The jackal closely misses you. The jackal barely misses you.
You hit the jackal but do no damage. Your bite misses the jackal.
The jackal is almost dead.
The jackal bites you.
You hit the jackal but do no damage.
The jackal is severely wounded.
The jackal bites you. The jackal barely misses you.
You hit the jackal but do no damage. You bite the jackal.
You kill the jackal!
You barely miss the jackal. Your bite misses the jackal.
The jackal closely misses you.
You miss the jackal. The jackal barely misses you.
The jackal bites you but does no damage.
You closely miss the jackal. The jackal barely misses you.
You barely miss the jackal. You bite the jackal, but do no damage.
The jackal bites you but does no damage.
The jackal bites you.
You completely miss the jackal. Your bite misses the jackal.
The jackal bites you.
* * * LOW HITPOINT WARNING * * *
You hit the jackal but do no damage. The jackal bites you.
* * * LOW HITPOINT WARNING * * *
You hit the jackal but do no damage. The jackal bites you.
You die...

...##.# #.##.# #....# .#
#.#..## #.#####.#...#
####.##....##..#
..##.##........## ###
..##.......###..###.....
....##..........@hh.....
#.#.###...#####.###.....
#...# #...# #.# ...
###.###...# #.# " #
#...#†..# #.# #
###.....# ... #
#####........ # ####....
#


You could see 2 jackals.

Vanquished Creatures
  3 endoplasms (D:1)
  A hobgoblin (D:1)
  2 jackals (D:1)
  A quokka (D:1)
  2 ball pythons (D:1)
  A frilled lizard (D:1)
  2 rats (D:1)
12 creatures vanquished.

Notes
Turn   | Place    | Note
-------+----------+-------------------------------------------
     0 | D:1      | sasquatch the Vine Stalker Conjurer began the quest for the
                  | Orb.
     0 | D:1      | Reached XP level 1. HP: 9/9 MP: 4/4
   148 | D:1      | Reached XP level 2. HP: 13/13 MP: 3/6
   309 | D:1      | Slain by a jackal

Illustrated notes

Levels and vault maps discovered:
D:1:      amcnicky_arrival_flooded_fountain, layout_rooms

Action                   || total
-------------------------++-------
Melee: Unarmed           ||    12
       Bite              ||     2
 Cast: Magic Dart        ||    21
Armor: Robe              ||     2
Dodge: Dodged            ||     9
